 Dungeon Crawl Stone Soup version 0.27-a0-681-g0c81a3c1c3 (webtiles) character file.

Game seed: 8252226131923019071

37 Anon1729 the Sneak (level 3, -1/22 HPs)
             Began as a Kobold Brigand on Mar 19, 2021.
             Slain by a bullfrog skeleton (5 damage)
             ... on level 2 of the Dungeon.
             The game lasted 00:01:09 (1351 turns).

Anon1729 the Sneak (Kobold Brigand)                 Turns: 1351, Time: 00:01:10

Health: -1/22      AC:  3    Str:  8    XL:     3   Next: 62%
Magic:  3/3        EV: 14    Int: 12    God:
Gold:   48         SH:  0    Dex: 17    Spells: 2/2 levels left

rFire    . . .     SeeInvis .   a - +2 dagger
rCold    . . .     Faith    .   (shield restricted)
rNeg     . . .     Spirit   .   b - +0 robe
rPois    .         Reflect  .   (no helmet)
rElec    .         Harm     .   c - +0 cloak
rCorr    .         Rampage  .   (no gloves)
Will     .....                  (no boots)
Stlth    ++++......             (no amulet)
HPRegen  0.07/turn              (no ring)
MPRegen  0.08/turn              (no ring)

@: no status effects
A: small, no large weapons, nightstalker 3
a: no special abilities


You were on level 2 of the Dungeon.
You visited 1 branch of the dungeon, and saw 2 of its levels.

You collected 48 gold pieces.

Inventory:

Hand Weapons
 a - a +2 dagger (weapon)
Missiles
 d - 8 poisoned darts (quivered)
 e - 2 curare-tipped darts
Armour
 b - a +0 robe (worn)
 c - a +0 cloak (worn)
Scrolls
 f - a scroll of blinking {unknown}
 g - 2 scrolls of identify {unknown}
 h - a scroll of enchant weapon {unknown}
Potions
 i - a potion of might {unknown}


   Skills:
 - Level 2.4 Fighting
 + Level 3.2 Short Blades
 + Level 2.6 Throwing
 + Level 2.0 Dodging
 * Level 5.9 Stealth


You had 2 spell levels left.
You didn't know any spells.
Your spell library was empty.

Dungeon Overview and Level Annotations

Branches:
Dungeon (2/15)

Altars:

Shops:
D:1 =


Innate Abilities, Weirdness & Mutations

You are small and have problems with some larger weapons.
You are completely attuned to the shadows.


Message History

The bullfrog skeleton is lightly damaged.
The bullfrog skeleton misses you.
You barely miss the bullfrog skeleton.
The bullfrog skeleton is lightly damaged.
The bullfrog skeleton hits you.
You hit the bullfrog skeleton.
The bullfrog skeleton is moderately damaged.
The bullfrog skeleton hits you.
You hit the bullfrog skeleton.
The bullfrog skeleton is moderately damaged.
The bullfrog skeleton hits you but does no damage.
You barely miss the bullfrog skeleton.
The bullfrog skeleton is moderately damaged.
The bullfrog skeleton completely misses you.
You hit the bullfrog skeleton.
The bullfrog skeleton is heavily damaged.
The bullfrog skeleton hits you.
You are too injured to fight recklessly!
You are too injured to fight recklessly!
You are too injured to fight recklessly!
You are too injured to fight recklessly!
You are too injured to fight recklessly!
You are too injured to fight recklessly!
You are too injured to fight recklessly!
You are too injured to fight recklessly!
You are too injured to fight recklessly!
You are too injured to fight recklessly!
You are too injured to fight recklessly!
You hit the bullfrog skeleton.
The bullfrog skeleton is severely damaged.
The bullfrog skeleton misses you.
You hit the bullfrog skeleton.
The bullfrog skeleton is severely damaged.
The bullfrog skeleton barely misses you.
The bullfrog skeleton hits you!
* * * LOW HITPOINT WARNING * * *
You hit the bullfrog skeleton but do no damage.
The bullfrog skeleton is severely damaged.
The bullfrog skeleton hits you.
You die...

≈≈≈≈♣...# ≈≈≈≈≈≈≈≈≈♣...# #.#
≈P≈≈≈≈≈≈≈≈...)### ##.#
≈P≈≈≈≈≈≈≈≈P......#
..#.#≈≈≈P≈≈≈≈≈≈≈......#
#####.#.#≈≈≈≈≈P≈P≈≈≈......#
.....<#.#≈≈≈≈.≈≈≈≈≈P......###
...≈≈....PP.≈..P≈.≈≈.....>...
...≈≈......Z@................
♣..†♣♣.......................
...≈ ♣≈...######.#...........
≈≈..≈≈♣♣### #..#...........
...≈P≈ ♣≈.##.......... .P≈
.≈♣##.......... #.......###
#######+#


You could see a bullfrog skeleton.

Vanquished Creatures
  A dart slug (D:1)
  2 leopard geckos (D:1)
  7 goblins
  4 jackals (D:1)
  3 quokkas
  2 bats
  4 frilled lizards
  5 kobolds (D:1)
  4 rats (D:1)
32 creatures vanquished.

Vanquished Creatures (others)
  8 plants (D:2)
8 creatures vanquished.

Grand Total: 40 creatures vanquished

Notes
Turn   | Place    | Note
-------+----------+-------------------------------------------
     0 | D:1      | Anon1729 the Kobold Brigand began the quest for the Orb.
     0 | D:1      | Reached XP level 1. HP: 12/12 MP: 1/1
   261 | D:1      | Found Codghiody's Jewellery Shoppe.
   266 | D:1      | Reached XP level 2. HP: 18/18 MP: 2/2
   732 | D:1      | Reached XP level 3. HP: 22/22 MP: 3/3
  1351 | D:2      | Slain by a bullfrog skeleton

Illustrated notes

Levels and vault maps discovered:
D:1:      eino_arrival_cavern_e, layout_loops_ring, serial_shops, shop,
          minmay_pentomino_r2
D:2:      layout_basic, serial_bayou, serial_bayou_shore_a,
          serial_bayou_crossing, serial_bayou_ford_a, serial_bayou_pond_e,
          uniq_crazy_yiuf_cottage

Skill      XL: |  1  2  3 |
---------------+----------+-----
Short Blades   | 3 |  3.2
Dodging        | 2 |  2.0
Fighting       | |  2.4
Throwing       | |  2.6
Stealth        | |  5.9

Action                   || total
-------------------------++-------
Melee: Dagger            ||    72
 Stab: Sleeping          ||    20
Armor: Robe              ||     8
Dodge: Dodged            ||    28

Table legend: (Time is in decaauts)
 A = Elapsed time spent in this place.
 B = Non-inter-level travel time spent in this place.
 C = Inter-level travel time spent in this place.
 D = Time resting spent in this place.
 E = Time spent auto-exploring this place.
 F = Levels seen in this place.
 G = Mean time per level.
                   A        B        C        D        E       F      G
               +--------+--------+--------+--------+--------+-----+--------+
         Total |   1343 |   1292 |     51 |    157 |    953 |   2 |  671.5 |
       Dungeon |   1343 |   1292 |     51 |    157 |    953 |   2 |  671.5 |
               +--------+--------+--------+--------+--------+-----+--------+

Top non-repeatable levels by time:
     D:1: 1247 daAuts
     D:2: 96 daAuts
